Cogmind - Beta 16 @@@ ROGUE MODE // 2025.11.07 @ 11:59:27 Player: Demo Result: Destroyed by G-67 Veteran with Plasma Rifle Performance ------------- Evolutions (6) 3000 Regions Visited (11) 2200 Robots Destroyed (69) 345 Value Destroyed (3274) 3274 Prototype IDs (7) 140 Alien Tech Used (0) 0 Bonus (5754) 5754 TOTAL SCORE: 14713 Bonus ------- Pacifist 270 High Alert Combat Kills 1004 Follower Combat Kills 2677 Registered with UFD 300 Met Optimus in HQ 500 Built Enhanced Grunts 300 A7 Reached Mainframe 300 Met R17 at Cetus 500 Friendly Fire -97 Cogmind --------- Core Integrity 0/1150 Matter 285/300 Energy 70/100 System Corruption 17% Temperature Cool (0) Movement Core (50) Location -4/Factory Parts ------- > --- POWER (1) -------- (None) > --- PROPULSION (6) --- Improved Surge Thruster > --- UTILITY (8) ------ Advanced Signal Interpreter Surveybot 17 Chip Improved Hacking Suite Improved System Shield > --- WEAPON (4) ------- (None) > --- INVENTORY (5) ---- Advanced Thermal Generator Medium Storage Unit Deep Structural Scanner CPS Tube (2) Peak State ------------ > --- POWER ------------ Quantum Reactor > --- PROPULSION ------- Centrium Heavy Treads Centrium Heavy Treads Centrium Heavy Treads > --- UTILITY ---------- Medium Storage Unit Enhanced Optical Array Advanced Signal Interpreter Surveybot 17 Chip Layered Heavy Armor Plating Centrium Medium Armor Plating Improved Hacking Suite > --- WEAPON ----------- Advanced KE Penetrator Advanced KE Penetrator > --- INVENTORY -------- Neutrino Core Deep Structural Scanner Improved Sensor Array Advanced Terrain Scanner Centrium Medium Armor Plating Centrium Medium Armor Plating Hacking Suite System Shield CPS Tube Power Sword [Rating: 128] Favorites ----------- Power Quantum Reactor Engine Light Deuterium Engine Power Core Neutrino Core Reactor Quantum Reactor Propulsion Centrium Heavy Treads Treads Centrium Heavy Treads Leg Carbon-fiber Leg Wheel Wheel Hover Unit Gravmag Array Flight Unit Impulse Thruster Utility Surveybot 17 Chip Device Improved Sensor Array Storage Medium Storage Unit Processor Surveybot 17 Chip Hackware Improved Hacking Suite Protection Centrium Medium Armor Plating Weapon Advanced KE Penetrator Energy Gun Beamcaster Ballistic Gun Advanced KE Penetrator Special Weapon CPS Tube Slashing Weapon Power Sword Piercing Weapon Lance Special Melee Weapon Advanced Datajack Build | -11 -10 -10 -10 -9 -6 -5 -5 -5 -5 -5 -4 ------- Run | Yrd Mat Min Sub Scr Fac Fac Ext Cet Arc Hub Fac Slots Evolved 12 | . . . . . 8 2 . . . . 2 Power . | . . . . . . . . . . . . Propulsion 4 | . . . . . 4 . . . . . . Utility 6 | . . . . . 4 2 . . . . . Weapon 2 | . . . . . . . . . . . 2 Parts Attached 97 | 4 2 . . 2 14 4 26 11 1 4 29 Power 6 | . . . . . 1 1 2 1 . . 1 Engine 1 | . . . . . 1 . . . . . . Core 3 | . . . . . . 1 2 . . . . Reactor 2 | . . . . . . . . 1 . . 1 Propulsion 39 | 2 . . . . 4 1 12 3 . 2 15 Treads 5 | 2 . . . . . . . 3 . . . Leg 12 | . . . . . . . 12 . . . . Wheel 3 | . . . . . . . . . . 2 1 Hover 16 | . . . . . 4 1 . . . . 11 Flight 3 | . . . . . . . . . . . 3 Utility 33 | . 2 . . . 8 2 8 3 1 2 7 Device 7 | . 1 . . . 2 2 . . . 1 1 Storage 1 | . . . . . 1 . . . . . . Processor 4 | . . . . . 4 . . . . . . Hackware 8 | . . . . . . . 2 . . . 6 Protection 13 | . 1 . . . 1 . 6 3 1 1 . Artifact . | . . . . . . . . . . . . Weapon 19 | 2 . . . 2 1 . 4 4 . . 6 Energy Gun 6 | 1 . . . . . . 1 . . . 4 Energy Cannon . | . . . . . . . . . . . . Ballistic Gun 6 | 1 . . . . . . 1 3 . . 1 Ballistic Cannon . | . . . . . . . . . . . . Launcher . | . . . . . . . . . . . . Special Weapon 2 | . . . . 1 . . . 1 . . . Impact Weapon . | . . . . . . . . . . . . Slashing Weapon 3 | . . . . 1 1 . 1 . . . . Piercing Weapon 1 | . . . . . . . 1 . . . . Special Melee Weapon 1 | . . . . . . . . . . . 1 Unidentified Prototypes 5 | . . . . . 1 . . 3 . . 1 Corrupted Parts 1 | . . . . . . . . . . . 1 System Corruption 9 | . . . . . . . . . . . 9 Parts Lost 23 | . . . . . 2 . 2 . . 2 17 Power 1 | . . . . . 1 . . . . . . Propulsion 12 | . . . . . . . 2 . . . 10 Utility 7 | . . . . . 1 . . . . 2 4 Weapon 3 | . . . . . . . . . . . 3 Highest Loss Streak 12 | . . . . . 2 . 1 . . 1 12 To Critical Strikes . | . . . . . . . . . . . . Average Backups 8 | . . 4 5 4 7 9 9 9 9 9 8 Power . | . . . . . . . . . . . . Propulsion . | . . . . . . 1 . . . 1 1 Utility 6 | . . 4 5 3 5 5 7 7 7 7 6 Weapon . | . . . . . . . . 1 . . . Tool/Special . | . . . . . . . . . . . . Unused Backups 20 | . . . . 5 5 1 2 1 3 1 2 Power . | . . . . . . . . . . . . Propulsion 1 | . . . . . . . . . . . 1 Utility 18 | . . . . 5 5 . 2 1 3 1 1 Weapon 1 | . . . . . . 1 . . . . . Tool/Special . | . . . . . . . . . . . . Average Slot Usage (%) 80 | . 64 71 71 60 68 82 95 86 76 78 84 Core 1 | . . . . . . 4 5 1 . . . Reactor 2 | . . . . . . . . 3 5 5 4 Treads 9 | . 28 28 28 28 2 . . 6 17 16 6 Leg 7 | . . . . . . . 25 19 . . . Wheel 1 | . . . . . . . . . . . 5 Hover 5 | . . . . . 14 19 5 . . . 9 Device 6 | . 10 14 14 14 7 16 2 . 1 7 8 Storage 4 | . . . . . 3 5 5 5 5 5 4 Processor 14 | . . . . . 17 17 17 17 17 17 14 Hackware 4 | . . . . . . . 10 5 3 . 3 Protection 9 | . 7 14 14 14 6 4 8 11 11 10 7 Energy Gun 1 | . 3 . . . . . 3 . . . 5 Ballistic Gun 5 | . 14 14 14 . . . 3 10 8 11 7 Slashing Weapon 2 | . . . . . 9 11 4 . 2 . . Peak Build Rating 128 | 4 5 5 5 9 69 84 84 128 128 127 128 Average Rating 84 | 2 4 5 5 4 52 82 78 106 125 123 110 On Entrance 52 | . 4 5 5 5 8 64 84 83 128 126 121 Avg Prop Armor Cover (%) 20 | 31 31 33 33 38 23 6 8 7 . . 6 Naked Turns . | . . . . . . . . . . . . Heaviest Build 70 | 3 3 3 3 3 24 32 58 69 70 70 68 Greatest Support 240 | 3 3 3 3 3 66 66 105 240 240 240 240 Greatest Overweight (x) 3 | . . . . . 1 . 3 . . 3 3 Average Overweight (x) . | . . . . . . . . . . . . Largest Inventory Capacity 10 | 5 5 5 5 5 10 10 10 10 10 10 10 Average Capacity 9 | 5 5 5 5 5 7 10 10 10 10 10 9 Most Carried 10 | . . 5 5 5 10 10 10 10 10 10 10 Average Carried 8 | . . 4 5 4 7 9 9 9 9 9 9 Final Capacity 10 | 5 5 5 5 5 10 10 10 10 10 10 5 Final Carried 10 | . . 5 5 5 10 10 10 10 10 10 4 Class Distribution -------------------- 19% | Scavenger-Mutant 15% | Scout 14% | Commander-Mutant 14% | Mutant 13% | Scavenger-Skirmisher 6% | Scavenger-Tank 4% | Hacker-Scout 3% | Scavenger-Scout 3% | Commander-Assassin Dominant Class ---------------- Mutant | -10/Materials Mutant | -10/Mines Mutant | -10/Subcaves Mutant | -9/Scraptown Scout | -6/Factory Scout | -5/Factory Commander-Mutant | -5/Extension Commander-Mutant | -5/Cetus Scavenger-Mutant | -5/Archives Scavenger-Skirmisher | -5/Hub_04(d) Scavenger-Tank | -4/Factory Resources | -11 -10 -10 -10 -9 -6 -5 -5 -5 -5 -5 -4 ----------- Run | Yrd Mat Min Sub Scr Fac Fac Ext Cet Arc Hub Fac Matter Collected 2798 | 183 . 212 . 8 220 53 494 228 148 430 822 Remotely . | . . . . . . . . . . . . Salvage Created 3308 | . . . . . 129 53 804 147 392 717 1066 Parts 192 | . . . . . 18 6 52 8 27 28 53 Haulers Intercepted . | . . . . . . . . . . . . Recyclers Shooed 2 | . . . . . . . . . . 1 1 Parts Field Recycled . | . . . . . . . . . . . . Retrieved Matter . | . . . . . . . . . . . . Parts Self-Destructed . | . . . . . . . . . . . . Prevented . | . . . . . . . . . . . . Parts Restored . | . . . . . . . . . . . . Kills | -11 -10 -10 -10 -9 -6 -5 -5 -5 -5 -5 -4 ------- Run | Yrd Mat Min Sub Scr Fac Fac Ext Cet Arc Hub Fac Combat Hostiles Destroyed 43 | . . . . . 1 . 12 2 . 10 18 Melee 8 | . . . . . 1 . 7 . . . . Guns 34 | . . . . . . . 5 2 . 10 17 AOE 1 | . . . . . . . . . . . 1 Classes Destroyed 11 | . . . . . 3 . 7 . . . 1 Worker 2 | . . . . . . . 1 . . 1 . Builder 5 | . . . . . . . 1 . . 2 2 Tunneler 4 | . . . . . 3 1 . . . . . Operator 13 | . . . . . 1 1 2 . 9 . . Swarmer 7 | . . . . . . . 3 . . . 4 Cutter 1 | . . . . . . . . . . . 1 Grunt 17 | . . . . . . . 3 . . 6 8 Sentry 8 | . . . . . . . 4 . . 3 1 Hunter 3 | . . . . . . . 2 . . 1 . Programmer 5 | . . . . . 1 . . . . . 4 Cetus Guard 2 | . . . . . . . . 2 . . . Scrapoid 1 | . . . . . . . 1 . . . . Thug 1 | . . . . . . . . . 1 . . Best Kill Streak 7 | . . . . . 2 2 3 2 3 6 7 Combat Bots Only 7 | . . . . . 1 . 3 2 . 4 7 Max Kills in Single Turn 2 | . . . . . 1 1 2 1 1 2 2 Gunslinging 1 | . . . . . . . . . . . 1 Exploded 1 | . . . . . . . . . . . 1 Melee 1 | . . . . . 1 . 1 . . . . Uniques/NPCs Destroyed . | . . . . . . . . . . . . Combat | -11 -10 -10 -10 -9 -6 -5 -5 -5 -5 -5 -4 -------- Run | Yrd Mat Min Sub Scr Fac Fac Ext Cet Arc Hub Fac Hostile Shots Fired 599 | . . . . . 79 . 109 26 3 108 274 Missed 233 | . . . . . 46 . 40 9 1 27 110 Hits 366 | . . . . . 33 . 69 17 2 81 164 Melee 2 | . . . . . . . . . . . 2 Projectile 364 | . . . . . 33 . 69 17 2 81 162 AOE 1 | . . . . . . . . . . . 1 Critical Strikes 19 | . . . . . 1 . 2 5 . 2 9 Actively Blocked 1 | . . . . . 1 . . . . . . Damage Taken 6807 | . . . . . 451 . 1254 459 51 1515 3077 Core 1576 | . . . . . 112 . 174 30 29 76 1155 Absorbed by Shields 383 | . . . . . . . 278 105 . . . Reduced by Siege Mode 27 | . . . . . . . . . . . 27 Redirected to Shielding 65 | . . . . . 65 . . . . . . Regen/Repaired (Parts) 109 | . . . . . . . . . . . 109 Core Remaining (%) 88 | 100 . . . 100 86 . . . . 69 . Volleys Fired 176 | . . . . . . . 40 15 11 40 70 Largest 4 | . . . . . . . 2 2 2 2 4 Hottest 233 | . . . . . . . 108 108 70 70 233 Shots Fired 348 | . . . . . . . 78 26 22 80 142 Gun 346 | . . . . . . . 78 24 22 80 142 Cannon . | . . . . . . . . . . . . Launcher . | . . . . . . . . . . . . Special 2 | . . . . . . . . 2 . . . Kinetic 283 | . . . . . . . 40 21 22 80 120 Thermal 62 | . . . . . . . 38 3 . . 21 Explosive . | . . . . . . . . . . . . Electromagnetic 1 | . . . . . . . . . . . 1 Robot Hit Streak 17 | . . . . . . . 17 5 3 10 10 Robot Miss Streak 5 | . . . . . . . 5 5 2 2 2 Penetration Max 1 | . . . . . . . 1 1 1 1 1 Secondary Targets 7 | . . . . . . . 1 1 . 2 3 Max Gunslinging Chain 1 | . . . . . . . 1 1 . 1 1 Shots Hit Robots 263 | . . . . . 6 2 79 14 27 50 85 Core Hits 141 | . . . . . 3 1 46 8 14 26 43 Critical Kills 17 | . . . . . . . 1 1 1 6 8 Critical Parts Destroyed 24 | . . . . . . . . 1 2 5 16 Critical Strikes 48 | . . . . . . . 6 3 4 11 24 Burn 1 | . . . . . . . 1 . . . . Destroy 42 | . . . . . . . 1 3 3 11 24 Sever 5 | . . . . . . . 4 . 1 . . Melee Attacks 90 | . . . . . 26 13 34 . 17 . . Impact . | . . . . . . . . . . . . Slashing 90 | . . . . . 26 13 34 . 17 . . Piercing . | . . . . . . . . . . . . Sneak Attacks 17 | . . . . . 4 1 1 . 11 . . Combat Hostiles . | . . . . . . . . . . . . Follow-up Attacks 5 | . . . . . . . 5 . . . . Damage Inflicted 10333 | . . . . . 419 145 2698 508 1793 1779 2991 Guns 7215 | . . . . . . . 1495 508 487 1765 2960 Cannons . | . . . . . . . . . . . . Explosions . | . . . . . . . . . . . . Melee 3046 | . . . . . 419 145 1176 . 1306 . . Ramming 72 | . . . . . . . 27 . . 14 31 Kinetic 6282 | . . . . . . . 919 445 487 1765 2666 Thermal 912 | . . . . . . . 576 63 . . 273 Explosive . | . . . . . . . . . . . . Electromagnetic 21 | . . . . . . . . . . . 21 Impact . | . . . . . . . . . . . . Slashing 3046 | . . . . . 419 145 1176 . 1306 . . Piercing . | . . . . . . . . . . . . Highest Corruption 8 | . 1 1 1 . . . . . . . 8 Average Corruption 1 | . 1 1 1 . . . . . . . 2 Corruption Purged . | . . . . . . . . . . . . Corruption Blocked . | . . . . . . . . . . . . Effects 5 | . . 3 . . . . . . . . 2 Message Errors 1 | . . 1 . . . . . . . . . Matter Fused 2 | . . 1 . . . . . . . . 1 Heat Flow Errors 1 | . . . . . . . . . . . 1 Data Loss (minor) 1 | . . 1 . . . . . . . . . Overload Shots . | . . . . . . . . . . . . Overflow Damage 519 | . . . . . 134 58 81 . 246 . . Projectiles . | . . . . . . . . . . . . Explosions . | . . . . . . . . . . . . Melee 519 | . . . . . 134 58 81 . 246 . . Knockbacks 1 | . . . . . . . 1 . . . . Impact 1 | . . . . . . . 1 . . . . Kinetic . | . . . . . . . . . . . . Secondary . | . . . . . . . . . . . . Self-Inflicted Damage 12 | . . . . . . . . . . . 12 Shots . | . . . . . . . . . . . . Rammed 14 | . . . . . . . . . . 3 11 Targets Rammed 21 | . . . . . . . 7 . . 3 11 Kicked 7 | . . . . . . . 7 . . . . Crushed . | . . . . . . . . . . . . Highest Temperature 269 | . . . . . . . 231 144 45 245 269 Average Temperature 75 | . . . . . . . 63 73 21 62 100 Received Heat Transfer 1001 | . . . . . 102 . 127 . . 360 412 Effects 1 | . . . . . . . . . . . 1 Interference 1 | . . . . . . . . . . . 1 Siege Activations 2 | . . . . . . . . . . . 2 Total Turns 34 | . . . . . . . . . . . 34 Longest Duration 23 | . . . . . . . . . . . 23 Martial Activations . | . . . . . . . . . . . . Shielding Activations . | . . . . . . . . . . . . Robots Disrupted . | . . . . . . . . . . . . Combat Hostiles . | . . . . . . . . . . . . Robots Corrupted . | . . . . . . . . . . . . Combat Hostiles . | . . . . . . . . . . . . Parts Fried . | . . . . . . . . . . . . Impact Corruptions . | . . . . . . . . . . . . Robots Melted . | . . . . . . . . . . . . Combat Hostiles . | . . . . . . . . . . . . Parts Melted 2 | . . . . . . . 2 . . . . Heat Transferred 1685 | . . . . . . . 1024 93 . . 568 Parts Sabotaged . | . . . . . . . . . . . . Parts Stolen . | . . . . . . . . . . . . Parts Stripped . | . . . . . . . . . . . . Power Chain Reactions 1 | . . . . . . . . . . . 1 Alert | -11 -10 -10 -10 -9 -6 -5 -5 -5 -5 -5 -4 ------- Run | Yrd Mat Min Sub Scr Fac Fac Ext Cet Arc Hub Fac Maximum Alert Level 5 | . . . . . . 1 3 2 1 5 4 Low Security (%) 45 | 100 100 100 . . 100 84 62 . 44 11 . Level 1 12 | . . . . . . 15 9 . 55 3 . Level 2 14 | . . . . . . . 12 100 . 18 11 Level 3 20 | . . . . . . . 14 . . 9 77 Level 4 5 | . . . . . . . . . . 45 11 Level 5 . | . . . . . . . . . . 12 . High Security . | . . . . . . . . . . . . Max Security . | . . . . . . . . . . . . Peak Influence 1657 | . . . . . 97 205 911 567 345 1657 1470 Initial 802 | . . . . . . 9 83 507 204 18 802 Average 399 | . . . . . 16 90 251 497 195 1058 867 Influence Increases 5877 | . . . . . 198 227 1579 350 315 1892 1316 Destroy 0b10 Robot/C 2000 | . . . . . 20 . 760 160 80 620 360 Destroy 0b10 Robot/NC 170 | . . . . . 20 10 30 10 45 45 10 Destroy Leader 278 | . . . . . 10 . 74 . . 134 60 Allied During Kill 1472 | . . . . . . . 547 170 125 630 . Trap Triggered on 0b10 30 | . . . . . . . 30 . . . . Successful Hack 57 | . . . . . 14 3 16 . . . 24 Select Force Hacks 50 | . . . . . . . . . . . 50 Disable Machine 315 | . . . . . 30 . 30 . 45 135 75 Anti-Garrison Action 550 | . . . . . . 200 . . . 150 200 Destroy Structure 340 | . . . . . 14 14 62 10 20 118 102 Partial Spotted 15 | . . . . . . . . . . . 15 Lose Combat Pursuer 600 | . . . . . 90 . 30 . . 60 420 Influence Decreases 4417 | . . . . . 179 75 843 746 771 308 1495 Entered New Map 1679 | . . . . . . 10 88 400 307 37 837 Time Decay 2000 | . . . . . 159 65 500 206 404 188 478 Lost Part 220 | . . . . . 20 . 10 . . 20 170 Lost Ally 518 | . . . . . . . 245 140 60 63 10 Squads Dispatched 41 | . . . . . 7 2 6 . . 9 17 Investigation 18 | . . . . . 6 1 3 . . . 8 Extermination 3 | . . . . . 1 . . . . . 2 Reinforcement 14 | . . . . . . 1 3 . . 5 5 Assault 5 | . . . . . . . . . . 3 2 Garrison 1 | . . . . . . . . . . 1 . Intercept . | . . . . . . . . . . . . Searches Triggered . | . . . . . . . . . . . . Construction Impeded 5 | . . . . . . . 2 . . 1 2 Haulers Reinforced 2 | . . . . . . . . . . 1 1 Active Scanning Responses . | . . . . . . . . . . . . Cargo Convoy Interrupts . | . . . . . . . . . . . . Stealth | -11 -10 -10 -10 -9 -6 -5 -5 -5 -5 -5 -4 --------- Run | Yrd Mat Min Sub Scr Fac Fac Ext Cet Arc Hub Fac Distress Signals 15 | . . . . . 1 . 5 2 . 6 1 Communications Jammed . | . . . . . . . . . . . . Distress Signals . | . . . . . . . . . . . . Times Spotted 194 | . . . . . 18 1 46 10 13 39 67 Peak Tracking Total 22 | . . . . . 8 1 7 5 1 11 22 Tactical Retreats 14 | . . . . . 2 . 2 . . 1 9 Traps | -11 -10 -10 -10 -9 -6 -5 -5 -5 -5 -5 -4 ------- Run | Yrd Mat Min Sub Scr Fac Fac Ext Cet Arc Hub Fac Traps Triggered 5 | . 1 . . . . . 2 . . . 2 Indirectly . | . . . . . . . . . . . . Trap Hack Attempts . | . . . . . . . . . . . . Triggered . | . . . . . . . . . . . . Disarmed . | . . . . . . . . . . . . Reprogrammed 3 | . . . . . . . 3 . . . . Reused 3 | . . . . . . . 3 . . . . Traps Extracted . | . . . . . . . . . . . . Installed . | . . . . . . . . . . . . Triggered 3 | . . . . . . . 3 . . . . Machines | -11 -10 -10 -10 -9 -6 -5 -5 -5 -5 -5 -4 ---------- Run | Yrd Mat Min Sub Scr Fac Fac Ext Cet Arc Hub Fac Machines Disabled 24 | . . . . . 2 . 4 . 3 10 5 Max in Single Turn 3 | . . . . . 1 . 1 . 1 2 3 Garrison Access 5 | . . . . . 2 1 . . . 1 1 Machines Repaired . | . . . . . . . . . . . . Machines Dismantled . | . . . . . . . . . . . . Machines Sabotaged . | . . . . . . . . . . . . Overloaded Fab Kills 4 | . . . . . . . . . . . 4 Hacking | -11 -10 -10 -10 -9 -6 -5 -5 -5 -5 -5 -4 --------- Run | Yrd Mat Min Sub Scr Fac Fac Ext Cet Arc Hub Fac Machines Accessed 48 | . . . . 2 13 5 13 2 1 . 12 Terminals 22 | . . . . . 3 2 12 2 . . 3 Fabricators 6 | . . . . . 2 2 . . . . 2 Repair Stations 1 | . . . . . . . . . . . 1 Recycling Units 11 | . . . . . 5 . 1 . . . 5 Scanalyzers 1 | . . . . . 1 . . . . . . Garrison Access 4 | . . . . . 2 1 . . . . 1 Total Hacks 128 | . . . . 26 24 8 19 2 25 . 24 Successful 92 | . . . . 26 9 3 13 2 25 . 14 Failed 36 | . . . . . 15 5 6 . . . 10 Catastrophic 6 | . . . . . 2 2 1 . . . 1 Database Lockouts . | . . . . . . . . . . . . Manual 44 | . . . . . 16 5 2 1 1 . 19 Terminals 36 | . . . . . 6 4 18 2 . . 6 Fabricators 9 | . . . . . 3 2 . . . . 4 Repair Stations 2 | . . . . . . . . . . . 2 Recycling Units 19 | . . . . . 10 . 1 . . . 8 Scanalyzers 2 | . . . . . 2 . . . . . . Garrison Access 9 | . . . . . 3 2 . . . . 4 Terminal Hacks 65 | . . . . 26 . 1 11 2 25 . . Record 45 | . . . . 19 . . . 1 25 . . Robot Analysis 7 | . . . . 7 . . . . . . . Open Door 12 | . . . . . . 1 10 1 . . . Reprogram Traps 1 | . . . . . . . 1 . . . . Fabricator Hacks 1 | . . . . . . . . . . . 1 Network Status 1 | . . . . . . . . . . . 1 Repair Station Hacks . | . . . . . . . . . . . . Recycling Unit Hacks . | . . . . . . . . . . . . Scanalyzer 2 | . . . . . 2 . . . . . . Retrieve Study 2 | . . . . . 2 . . . . . . Garrison Access Hacks 2 | . . . . . 2 . . . . . . Seal Access 2 | . . . . . 2 . . . . . . Unauthorized Hacks 22 | . . . . . 5 2 2 . . . 13 Terminals 7 | . . . . . 1 1 1 . . . 4 Track 1 | . . . . . . . . . . . 1 Assimilate 1 | . . . . . . . . . . . 1 Botnet 5 | . . . . . 1 1 1 . . . 2 Fabricators 2 | . . . . . . . . . . . 2 Fabnet 1 | . . . . . . . . . . . 1 Overload 1 | . . . . . . . . . . . 1 Repair Stations 1 | . . . . . . . . . . . 1 Patch 1 | . . . . . . . . . . . 1 Recycling Units 10 | . . . . . 4 . 1 . . . 5 Fedlink 9 | . . . . . 4 . . . . . 5 Scrapoids 1 | . . . . . . . 1 . . . . Scanalyzers . | . . . . . . . . . . . . Garrison Access 2 | . . . . . . 1 . . . . 1 Jam 2 | . . . . . . 1 . . . . 1 Data Cores Recovered 1 | . . . . . . 1 . . . . . Used 1 | . . . . . . 1 . . . . . Hacking Detections 25 | . . . . . 8 5 2 2 . . 8 Full Trace Events 3 | . . . . . 2 . 1 . . . . Feedback Events . | . . . . . . . . . . . . Feedback Blocked . | . . . . . . . . . . . . Robot Schematics Acquired . | . . . . . . . . . . . . Robots Built . | . . . . . . . . . . . . Authchips . | . . . . . . . . . . . . Time . | . . . . . . . . . . . . Total Robot Build Rating . | . . . . . . . . . . . . Part Schematics Acquired . | . . . . . . . . . . . . Parts Built . | . . . . . . . . . . . . Authchips . | . . . . . . . . . . . . Time . | . . . . . . . . . . . . Total Part Build Rating . | . . . . . . . . . . . . Part Studies Acquired 2 | . . . . . 2 . . . . . . Parts Repaired . | . . . . . . . . . . . . Time . | . . . . . . . . . . . . Parts Recycled . | . . . . . . . . . . . . Recycled Matter . | . . . . . . . . . . . . Retrieved Matter . | . . . . . . . . . . . . Retrieved Components . | . . . . . . . . . . . . Parts Scanalyzed . | . . . . . . . . . . . . Part Schematics Acquired . | . . . . . . . . . . . . Parts Damaged . | . . . . . . . . . . . . Bothacking | -11 -10 -10 -10 -9 -6 -5 -5 -5 -5 -5 -4 ------------ Run | Yrd Mat Min Sub Scr Fac Fac Ext Cet Arc Hub Fac Used RIF Installer . | . . . . . . . . . . . . Robots Hacked . | . . . . . . . . . . . . Non-combat . | . . . . . . . . . . . . Combat . | . . . . . . . . . . . . Robot Hacks Applied . | . . . . . . . . . . . . Relay Couplers Released 3 | . . . . . . . . . . 3 . Machine Destruction 3 | . . . . . . . . . . 3 . Fabnet Peak Effective % . | . . . . . . . . . . . . Robots Rewired 16 | . . . . . . . 16 . . . . Allies Hacked 1 | . . . . . . . . . . 1 . Hacks Repelled . | . . . . . . . . . . . . Allies | -11 -10 -10 -10 -9 -6 -5 -5 -5 -5 -5 -4 -------- Run | Yrd Mat Min Sub Scr Fac Fac Ext Cet Arc Hub Fac Total Allies 40 | . . . . . . . 34 5 . . 1 Largest Group 20 | . . . . . . . 20 17 15 10 1 Highest-Rated Group 943 | . . . . . . . 781 943 915 643 45 Highest-Rated Ally 159 | . . . . . . . 159 159 159 96 45 Total Orders . | . . . . . . . . . . . . Ally Attacks 389 | . . . . . . . 160 75 24 130 . Total Damage 10619 | . . . . . . . 3460 1643 594 4922 . Kills 71 | . . . . . . . 29 8 4 30 . Allies Corrupted 2 | . . . . . . . . . . 2 . Allies Melted . | . . . . . . . . . . . . Intel | -11 -10 -10 -10 -9 -6 -5 -5 -5 -5 -5 -4 ------- Run | Yrd Mat Min Sub Scr Fac Fac Ext Cet Arc Hub Fac Active Infowar (turns) 6192 | . 82 134 96 418 772 232 1480 431 969 408 1170 Optics 5385 | . . . . . 695 232 1480 431 969 408 1170 Sensors 2767 | . . . . . 500 223 576 . 275 212 981 IFF 152 | . . . . . . 136 16 . . . . Terrain 329 | . . . . . . 213 18 . 50 48 . Structural 2280 | . 82 134 96 418 253 5 65 . . 318 909 Robot Analysis Total 7 | . . . . 7 . . . . . . . Derelict Logs Recovered 1 | . . . 1 . . . . . . . . Drone Launches . | . . . . . . . . . . . . Drone Recoveries . | . . . . . . . . . . . . Exploration | -11 -10 -10 -10 -9 -6 -5 -5 -5 -5 -5 -4 ------------- Run | Yrd Mat Min Sub Scr Fac Fac Ext Cet Arc Hub Fac Turns Passed 6301 | 25 100 134 96 418 772 232 1480 431 969 408 1236 Spaces Moved 5526 | 38 193 153 72 802 1039 344 1006 220 540 156 963 Core 1615 | 38 193 153 72 802 272 . . . . . 85 Treads 988 | . . . . . . . . 47 540 155 246 Legs 832 | . . . . . . . 659 173 . . . Wheels 187 | . . . . . . . . . . 1 186 Hover 1903 | . . . . . 767 344 347 . . . 445 Flight 1 | . . . . . . . . . . . 1 Fastest Speed 35 | 50 50 50 50 50 50 52 48 120 160 125 35 Average Speed 84 | 50 50 50 50 50 54 56 102 128 160 159 91 Slowest Speed 280 | 50 50 50 50 50 100 60 280 160 160 160 160 Overloaded Moves . | . . . . . . . . . . . . Propulsion Burnouts . | . . . . . . . . . . . . Robots Hopped . | . . . . . . . . . . . . Potential Cave-ins . | . . . . . . . . . . . . Cave-ins Triggered . | . . . . . . . . . . . . Exploration Rate (%) 41 | 2 31 44 9 45 31 13 87 87 99 25 27 Regions Visited 11 Branch Regions 7 Pre-discovered Areas 6 | . . . . 5 1 . . . . . . Known Exits Taken 6 | . . . . . 1 1 1 1 1 1 . Unknown Exits Taken 5 | 1 1 1 1 1 . . . . . . . Scrap Searched 1 | . . . . 1 . . . . . . . Spaces Dug 56 | . . . . . 14 7 1 . . 5 29 Terrain Destroyed 137 | . . . . . 14 7 6 4 7 29 70 Melee 22 | . . . . . 14 7 1 . . . . Projectile 91 | . . . . . . . 5 4 7 28 47 AOE 23 | . . . . . . . . . . . 23 Terrain Rammed . | . . . . . . . . . . . . Walls Destroyed . | . . . . . . . . . . . . Machines Disabled . | . . . . . . . . . . . . Actions | -11 -10 -10 -10 -9 -6 -5 -5 -5 -5 -5 -4 --------- Run | Yrd Mat Min Sub Scr Fac Fac Ext Cet Arc Hub Fac Total 6684 | 41 195 209 131 822 1211 368 1335 345 599 233 1195 Wait 506 | . . 52 60 . 106 1 119 83 12 9 64 Move 5515 | 37 192 152 71 801 1038 343 1005 219 539 155 963 Hop . | . . . . . . . . . . . . Pick Up 55 | . . 5 . 8 13 6 4 2 7 6 4 Fast Attach 60 | 4 2 . . 1 9 1 15 6 . 2 20 Attach 38 | . . . . 2 4 5 1 . 1 5 20 Detach 21 | . . . . 1 2 . 1 . . 2 15 Swap 50 | . . . . . 6 1 19 6 5 6 7 Drop 92 | . 1 . . 9 10 2 23 14 7 5 21 Fire 176 | . . . . . . . 40 15 11 40 70 Melee 77 | . . . . . 23 9 28 . 17 . . Ram 11 | . . . . . . . . . . . 11 Kick 7 | . . . . . . . 7 . . . . Crush 3 | . . . . . . . . . . 3 . Escape Stasis . | . . . . . . . . . . . . Rewire 73 | . . . . . . . 73 . . . . Trap . | . . . . . . . . . . . . Miscellaneous . | . . . . . . . . . . . . Route ------- -11/Scrapyard -10/Materials -10/Mines (discovered 3 exits: [*Mat x2] / [*Sub]) -10/Subcaves (discovered 2 exits: Rec / *Scr) -9/Scraptown -6/Factory (discovered 5 exits: *Fac x3 / Low x2) -5/Factory -5/Extension (discovered 2 exits: *Fac / *Cet) -5/Cetus (discovered 2 exits: *Fac / *Arc) -5/Archives (discovered 3 exits: *Fac / *Hub x2) -5/Hub_04(d) (discovered 2 exits: *Fac x2) -4/Factory (discovered 4 exits: *Res x4) History --------- Turn | Location | Event 7 | -11/Scrapyard | Discovered new exit (range 14) 26 | -11/Scrapyard | Entered Materials 114 | -10/Materials | Discovered new exit (range 12) 126 | -10/Materials | Entered Mines 126 | -10/Mines | Discovered new exit (range 13) 191 | -10/Mines | Discovered new exit (range 3) 224 | -10/Mines | Discovered new exit (range 5) 260 | -10/Mines | Entered Subcaves 261 | -10/Subcaves | Approached by a straggling Scientist 261 | -10/Subcaves | Identified exit to Recycling 311 | -10/Subcaves | Build established: Mutant 355 | -10/Subcaves | Scientist uncovered a shortcut to Scraptown 356 | -10/Subcaves | Entered Scraptown 356 | -9/Scraptown | System corruption cleaned by C-Scrubber 393 | -9/Scraptown | Visited UFD Registry 393 | -9/Scraptown | Registered with UFD as "Macerunner" 431 | -9/Scraptown | Visited Derelict Rescue Squad 438 | -9/Scraptown | Visited Science Guys 461 | -9/Scraptown | Visited Cartography Club 469 | -9/Scraptown | Visited Curators Association 487 | -9/Scraptown | Visited Observation Area 495 | -9/Scraptown | Visited Junk Repository 509 | -9/Scraptown | Visited Analyses Database 520 | -9/Scraptown | Visited Junk Repository 650 | -9/Scraptown | Found Surveybot 17 Chip 682 | -9/Scraptown | Found Deep Structural Scanner 687 | -9/Scraptown | Learned location of Zion (-7) 687 | -9/Scraptown | Learned location of Warlord (-5) 687 | -9/Scraptown | Learned location of Extension (-5) 687 | -9/Scraptown | Learned location of Quarantine (-3) 687 | -9/Scraptown | Learned 12 Materials zone layouts 687 | -9/Scraptown | Learned 20 Factory zone layouts 687 | -9/Scraptown | Learned 8 Research zone layouts 687 | -9/Scraptown | Learned 12 Research zone layouts 687 | -9/Scraptown | Learned 4 Access zone layouts 687 | -9/Scraptown | Learned 8 Access zone layouts 687 | -9/Scraptown | Learned 12 Upper Caves zone layouts 687 | -9/Scraptown | Learned 16 Proximity Caves zone layouts 687 | -9/Scraptown | Learned location of 1 exit from Factory 687 | -9/Scraptown | Learned location of 2 exits from Research 744 | -9/Scraptown | Met Optimus 744 | -9/Scraptown | Accepted into 0bPrime 772 | -9/Scraptown | Discovered new exit (range 3) 774 | -9/Scraptown | Entered Factory 774 | -6/Factory | Evolved 8 slots: Propulsion x4, Utility x4 775 | -6/Factory | Identified exit to Lower Caves 776 | -6/Factory | Identified exit to Factory 851 | -6/Factory | Loaded intel: 8 recycling unit locations 1238 | -6/Factory | Build established: Scout 1275 | -6/Factory | Learned location of Protoforge (-3) 1546 | -6/Factory | Entered another Factory area 1546 | -5/Factory | Evolved 2 slots: Utility x2 1732 | -5/Factory | Discovered new exit (range 16) 1774 | -5/Factory | Identified exit to Extension 1778 | -5/Factory | Entered Extension 1805 | -5/Extension | Rescued a captive Derelict 1816 | -5/Extension | Rescued a captive Derelict 1854 | -5/Extension | Rescued a captive Derelict 1855 | -5/Extension | Rescued a captive Derelict 1969 | -5/Extension | Lost 4 allies 2007 | -5/Extension | Rescued a captive Derelict 2011 | -5/Extension | Rescued a captive Derelict 2012 | -5/Extension | Rescued a captive Derelict 2013 | -5/Extension | Rescued a captive Derelict 2099 | -5/Extension | Scrapoids reinforcements arrived? 2679 | -5/Extension | Spotted B-75 Beast 2695 | -5/Extension | Allies destroyed B-75 Beast 2706 | -5/Extension | Spotted B-75 Beast 2716 | -5/Extension | Allies destroyed B-75 Beast 2782 | -5/Extension | Rescued A7 2810 | -5/Extension | Rescued a captive Derelict 2813 | -5/Extension | Rescued a captive Derelict 2813 | -5/Extension | Rescued a captive Derelict 2830 | -5/Extension | Rescued a captive Derelict 2845 | -5/Extension | Rescued a captive Derelict 2920 | -5/Extension | Rescued a captive Derelict 2978 | -5/Extension | Build established: Scavenger-Mutant 3191 | -5/Extension | Discovered new exit (range 10) 3192 | -5/Extension | Discovered new exit (range 6) 3219 | -5/Extension | Identified exit to Cetus 3227 | -5/Extension | Identified exit to Factory 3258 | -5/Extension | Entered Cetus 3258 | -5/Cetus | Accompanied by 17 allies (A7) 3263 | -5/Cetus | Acquired a Cetus Manufacturing Module code from A7 3263 | -5/Cetus | Spotted Cetus Guard 3263 | -5/Cetus | Spotted Cetus Guard 3268 | -5/Cetus | Spotted Cetus Guard 3268 | -5/Cetus | Spotted Cetus Guard 3286 | -5/Cetus | Allies destroyed Cetus Guard 3287 | -5/Cetus | Attached CPS modules to Cetus Guard. 3291 | -5/Cetus | Attached CPS modules to Cetus Guard. 3293 | -5/Cetus | Allies destroyed Cetus Guard 3301 | -5/Cetus | Allies destroyed Cetus Guard 3303 | -5/Cetus | Build established: Commander-Mutant 3308 | -5/Cetus | Allies destroyed Cetus Guard 3334 | -5/Cetus | Lost 6 allies 3375 | -5/Cetus | Started Cetus Manufacturing Module 3397 | -5/Cetus | Escorted A7 to Cetus Mainframe 3400 | -5/Cetus | Manufactured an Enhanced Grunt 3425 | -5/Cetus | Manufactured an Enhanced Grunt 3450 | -5/Cetus | Manufactured an Enhanced Grunt 3475 | -5/Cetus | Manufactured an Enhanced Grunt 3500 | -5/Cetus | Manufactured an Enhanced Grunt 3514 | -5/Cetus | Discovered new exit (range 22) 3540 | -5/Cetus | Spotted Cetus Guard 3540 | -5/Cetus | Spotted Cetus Guard 3542 | -5/Cetus | Spotted Cetus Guard 3545 | -5/Cetus | Spotted Cetus Guard 3552 | -5/Cetus | Allies destroyed Cetus Guard 3557 | -5/Cetus | Destroyed Cetus Guard 3563 | -5/Cetus | Allies destroyed Cetus Guard 3563 | -5/Cetus | Destroyed Cetus Guard 3566 | -5/Cetus | Discovered exit to Factory (range 22) 3579 | -5/Cetus | Met Revision 17 3656 | -5/Cetus | Identified exit to Archives 3689 | -5/Cetus | Entered Archives 3689 | -5/Archives | Accompanied by 15 allies (A7) 3694 | -5/Archives | Received a hacking code to weaken MAIN.C 3734 | -5/Archives | Discovered new exit (range 22) 3741 | -5/Archives | Discovered new exit (range 19) 3755 | -5/Archives | Lost 4 allies 3766 | -5/Archives | Identified exit to Hub_04(d) 3835 | -5/Archives | Discovered exit to Factory (range 22) 3880 | -5/Archives | Unable to access archive contents 3896 | -5/Archives | Unable to access archive contents 3912 | -5/Archives | Unable to access archive contents 3928 | -5/Archives | Unable to access archive contents 4004 | -5/Archives | Build established: Scavenger-Mutant 4658 | -5/Archives | Entered Hub_04(d) 4658 | -5/Hub_04(d) | Accompanied by 10 allies 4689 | -5/Hub_04(d) | Build established: Scavenger-Skirmisher 4708 | -5/Hub_04(d) | Garrison activated, responded to threat 4728 | -5/Hub_04(d) | Lost 3 allies 4843 | -5/Hub_04(d) | Lost 3 allies 4948 | -5/Hub_04(d) | Discovered exit to Factory (range 16) 4958 | -5/Hub_04(d) | First assault squad dispatched 4959 | -5/Hub_04(d) | Discovered exit to Factory (range 15) 5066 | -5/Hub_04(d) | Entered Factory 5066 | -4/Factory | Evolved 2 slots: Weapon x2 5067 | -4/Factory | Identified exit to Research 5377 | -4/Factory | Build established: Scavenger-Tank 5545 | -4/Factory | Loaded intel: 8 recycling unit locations 5816 | -4/Factory | First assault squad dispatched 6076 | -4/Factory | Destroyed 7 combat bots 6208 | -4/Factory | Lost 3 parts (2n1w) 6264 | -4/Factory | Core integrity fell below 50% 6299 | -4/Factory | Core integrity fell below 20% 6302 | -4/Factory | Destroyed by G-67 Veteran with Plasma Rifle Last Messages --------------- electromagnetic arc. 06298_ Chain reaction triggered in Lgt. Antimatter Reactor. 06298_ H-77 Assassin system terminally corrupted. 06298_ S-27 Virus destroyed. 06298_ Penetrated by Slug. 06298_ Slug penetrates Fusion Modulator. 06298_ Slug penetrates Wall. 06299_ K-01 Serf collects debris. 06300_ Acquired VTOL Module. 06301_ Fabricator zaps C-35 Carver with an electromagnetic arc. 06301_ C-35 Carver system terminally corrupted. 06301_ Imp. Hacking Suite severed. 06302_ VTOL Module destroyed. 06302_ Acquired Corrupted Imp. Surge Thruster. 06302_ Integrated Corrupted Imp. Surge Thruster (+9). 06302_ K-01 Serf collects debris. Map ----- +----------------------------------------------------+ | """ #????????????????????????????????????????????? | | #????????????????????????????????????????????? | | " " #????????????????????????????????????????????? | | "Y" ##???????????????????????????????????????????? | | """!"#???????????????????????????????????????????? | | !*##???????????????????????????????????????????? | | ###[#????????????????????????????????????????????? | | ??# #????????????????????????????????????????????? | | ??###????????????????????????????????????????????? | | ?????????????????????????????????????????????????? | | ?????????????????????????????????????????????????? | | ??????????????????????##?????????????????????????? | | ??????????????????????# ?????????????????????????? | | ??????????????????????# ""???????????????????????? | | ??????????????????????# """??????????????????????? | | ??????????????????????# """??????????????????????? | | ??????????????????? ?# ??????????????????????? | | ???????????????"" """?# ???????????????????????? | | ???????????????"" """?# ???????????????????????? | | ????????????????" """ ? ???????????????????????? | | ????????????????? ?#;#???????????????????????? | | ???????????????"" """ ## ###?????????#???????????? | | ??????????????""" """ ; !;##### #???????????? | | ?????????? """ """ ; ][%%% +???????????? | | ?????????# ;=[c=# ### #???????????? | | ???#######???###+####k;;%@;#"###?????????????????? | | ???# ##### ## =;[[ #?????????????????? | | #### " ## =h %""" #?????????????????? | | " "T g [%g["F" #?????????????????? | | #### =%! #####=# " #?????????????????? | | ???# ##### #???# # """ #?????????????????? | | ?###/###???#######???# # """ #?????????????????? | | #? ??????????????#g# #?????????????????? | | # "" ????????????#H#######?????????????????? | | ### """ #???????????# #???????????????????????? | | ??# T" #??????????? ???????????????????????? | | ??# """ #??????????? < ???????????????????????? | | ??# "" #??????????? ???????????????????????? | | ??# ??????????????#+#???????????????????????? | | ??# ????????????????????????????????????????? | | ??# ?????????????????????????????????????????? | | ??#######????????????????????????????????????????? | | ?????????????????????????????????????????????????? | | ?????????????????????????????????????????????????? | | ?????????????????????????????????????????????????? | | ?????????????????????????????????????????????????? | | ?????????????????????????????????????????????????? | | ?????????????????????????????????????????????????? | | ?????????????????????????????????????????????????? | | ?????????????????????????????????????????????????? | +----------------------------------------------------+ Best States ------------- Heat Dissipation 43 Energy Generation 25 Energy Capacity 350 Matter Stores 300 Matter Capacity 300 Sight Range 22 Robot Scan Range 16 Terrain Scan Range 20 Terrain Scan Density 1210 Armor Coverage 900 Resistance: TH 10 Propulsion Shielding 33 Evasion (%) 56 Recoil Reduction 6 Offensive Hacking 48 Defensive Hacking 12 Item Schematics ----------------- None Robot Schematics ------------------ None Fabricated ------------ Nothing Repaired ---------- Nothing Studied --------- Gravmag Array | -6/Factory | Hacked Power Sword | -6/Factory | Hacked Alien Tech Used ----------------- None Achievements -------------- None Challenges ------------ None Game ------ Seed MultitargetingCloakReplica Manual? 0 Play Time 01:31:18 Cumulative 382.1 hours Start 2025.11.07 @ 05:04:02 End 2025.11.07 @ 11:59:27 Sessions 3 Manual Loads 0 Difficulty Rogue Special Mode None Game No. 344 Rogue 344 Adventurer 0 Explorer 0 Win Type - Total 3 Types 2/1/0/0/0/0/0/0/0/0 Lore% 84 Gallery% 83 Achievement% 61 Wizard Run 0 Options --------- Layout 1 ASCII 0 Keyboard 0 Movement Numpad Keybinds 0 Fullscreen 1 Font 24/Smallcaps Map View 50x35 Zoom Use 0% Tactical HUD 1 Map Filters NONE Filters NONE Steam 1 RUN: 5cb79d31-fba9-4413-b3f8-3a6f8854aa79